 Dungeon Crawl Stone Soup version 0.28.0-47-ge53b351184 (webtiles) character file.

Game seed: 16340240199200264181

13 seaoflcl the Shield-Bearer (level 2, 0/24 HPs)
             Began as a Human Fighter on May 2, 2022.
             Slain by a bat (1 damage)
             ... on level 1 of the Dungeon.
             The game lasted 00:00:38 (454 turns).

seaoflcl the Shield-Bearer (Human Fighter)           Turns: 454, Time: 00:00:39

Health: 0/24       AC:  6    Str: 16    XL:     2   Next: 50%
Magic:  2/2        EV:  9    Int:  8    God:
Gold:   13         SH:  4    Dex: 12    Spells: 1/1 levels left

rFire   . . .      SeeInvis .   a - +0 long sword
rCold   . . .      Faith    .   c - +0 buckler
rNeg    . . .      Spirit   .   b - +0 scale mail
rPois   +          Reflect  .   (no helmet)
rElec   .          Harm     .   (no cloak)
rCorr   .          Rampage  .   (no gloves)
Will    .....                   (no boots)
Stlth   ..........              (no amulet)
HPRegen 0.08/turn               e - ring of poison resistance
MPRegen 0.08/turn               (no ring)

@: no status effects
A: no striking features
a: no special abilities


You were on level 1 of the Dungeon.
You visited 1 branch of the dungeon, and saw 1 of its levels.

You collected 13 gold pieces.

Inventory:

Hand Weapons
 a - a +0 long sword (weapon)
Armour
 b - a +0 scale mail (worn)
 c - a +0 buckler (worn)
Jewellery
 e - a ring of poison resistance (left hand)
Potions
 d - a potion of might
 f - a potion of degeneration {unknown}


   Skills:
 + Level 3.1 Fighting
 * Level 2.3 Long Blades
 + Level 3.1 Armour
 + Level 0.5 Dodging
 + Level 3.1 Shields


You had one spell level left.
You didn't know any spells.
Your spell library was empty.

Dungeon Overview and Level Annotations

Branches:
Dungeon (1/15)

Altars:


Message History

You block the ball python's attack. The ball python constricts you.
You closely miss the ball python.
The ball python is moderately wounded.
The ball python bites you but does no damage.
The ball python constricts you.
You barely miss the ball python.
The ball python is moderately wounded.
The ball python barely misses you. The ball python constricts you.
You block the ball python's attack. The ball python constricts you.
You hit the ball python.
You kill the ball python!
A bat comes into view.
The endoplasm freezes you.
You are frozen.
You slash the kobold!
You kill the kobold!
The endoplasm freezes you.
You are frozen.
The bat barely misses you. You block the bat's attack.
The bat hits you but does no damage. The endoplasm freezes you.
You are frozen.
* * * LOW HITPOINT WARNING * * *
Things that are here:
a +0 whip; a kobold corpse You hit the endoplasm.
The endoplasm is lightly wounded.
The bat closely misses you. The endoplasm freezes you.
You are frozen.
* * * LOW HITPOINT WARNING * * *
You hit the endoplasm.
You kill the endoplasm!
The bat barely misses you.
Found a stone staircase leading down.
The bat barely misses you. The bat closely misses you.
The bat barely misses you.
You completely miss the bat. The bat hits you but does no damage.
The bat hits you.
You die...

#........##..#...#...# #...
##......>##..###.....# #..
..#...........##..##.....
..###.###.......!..# #.#.
#.....##...........##..#
#..#......###.....?)...##
##......## ##.#...#....(...
#(.......####...#...!...####
#...............@.......#
.†###............b........
####..#)###................
####.##.....................
...#.###.#.............#.###
.....................>....
#..#####.###.##..#####.#.
.................# .#
.######.######..


You could see a bat.

Vanquished Creatures
  An endoplasm (D:1)
  A giant cockroach (D:1)
  A goblin (D:1)
  2 hobgoblins (D:1)
  2 jackals (D:1)
  A ball python (D:1)
  A bat (D:1)
  2 kobolds (D:1)
  A rat (D:1)
12 creatures vanquished.

Notes
Turn   | Place    | Note
-------+----------+-------------------------------------------
     0 | D:1      | seaoflcl the Human Fighter began the quest for the Orb.
     0 | D:1      | Reached XP level 1. HP: 18/18 MP: 1/1
   187 | D:1      | Reached XP level 2. HP: 19/24 MP: 2/2
   449 | D:1      | HP: 1/24 [frozen (5)]
   454 | D:1      | Slain by a bat

Illustrated notes

Levels and vault maps discovered:
D:1:      dpeg_arrival_water_fire, layout_rooms,
          shapermc_ecumenical_altar_notcrosses, minmay_bisected

Action                   || total
-------------------------++-------
Melee: Long sword        ||    42
Armor: Scale mail        ||    29
Dodge: Dodged            ||    27
Block: Buckler           ||    13
